 Dungeon Crawl Stone Soup version 0.28.0-43-g3370ac3207 (webtiles) character file.

Game seed: 9422572355329182013

89 Ablot the Grasshopper (level 4, 0/38 HPs)
             Began as a Gnoll Warper on Mar 15, 2022.
             Slain by a gnoll
             ... wielding a +0 halberd
              (4 damage)
             ... on level 3 of the Dungeon.
             The game lasted 00:04:14 (3478 turns).

Ablot the Grasshopper (Gnoll Warper)                Turns: 3478, Time: 00:04:15

Health: 0/38       AC:  4    Str: 13    XL:     4   Next: 55%
Magic:  11/11      EV: 12    Int: 12    God:
Gold:   139        SH:  0    Dex: 11    Spells: 11/13 levels left

rFire   . . .      SeeInvis .   q - +1 short sword (venom)
rCold   . . .      Faith    .   (no shield)
rNeg    . . .      Spirit   .   b - +0 leather armour
rPois   .          Reflect  .   (no helmet)
rElec   .          Harm     .   (no cloak)
rCorr   .          Rampage  .   (no gloves)
Will    .....                   p - +0 pair of boots
Stlth   +.........              (no amulet)
HPRegen 0.12/turn               o - ring of wizardry
MPRegen 0.12/turn               (no ring)

@: no status effects
A: fangs 1, strong nose, distributed training
a: no special abilities


You were on level 3 of the Dungeon.
You visited 1 branch of the dungeon, and saw 4 of its levels.

You collected 139 gold pieces.

Inventory:

Hand Weapons
 a - a +0 spear
 q - a +1 short sword of venom (weapon)
Missiles
 d - 5 boomerangs of dispersal (quivered)
 e - 11 poisoned darts
 j - 96 stones
 n - 15 arrows
 r - 23 bolts
Armour
 b - a +0 leather armour (worn)
 p - a +0 pair of boots (worn)
Jewellery
 o - a ring of wizardry (left hand)
Scrolls
 c - a scroll of blinking
 g - 3 scrolls of teleportation {unknown}
 h - a scroll of torment {unknown}
 i - 3 scrolls of identify {unknown}
 k - a scroll of vulnerability {unknown}
 l - a scroll of acquirement {unknown}
 m - 2 scrolls of brand weapon {unknown}
 s - a scroll of enchant weapon {unknown}
Potions
 f - 3 potions of curing {unknown}
 t - a potion of degeneration {unknown}


   Skills:
 + Level 4.6 Fighting
 + Level 1.2 Short Blades
 + Level 1.2 Long Blades
 + Level 1.2 Axes
 + Level 1.2 Maces & Flails
 + Level 4.6 Polearms
 + Level 1.2 Staves
 + Level 1.2 Slings
 + Level 1.2 Bows
 + Level 1.2 Crossbows
 + Level 2.8 Throwing
 + Level 2.8 Armour
 + Level 4.6 Dodging
 + Level 1.2 Stealth
 + Level 1.2 Shields
 + Level 1.2 Unarmed Combat
 + Level 5.1 Spellcasting
 + Level 1.0 Conjurations
 + Level 1.0 Hexes
 + Level 1.0 Summonings
 + Level 1.0 Necromancy
 + Level 5.5 Translocations
 + Level 1.0 Transmutations
 + Level 1.0 Fire Magic
 + Level 1.0 Ice Magic
 + Level 1.0 Air Magic
 + Level 1.0 Earth Magic
 + Level 1.0 Poison Magic
 + Level 1.3 Invocations
 + Level 1.2 Evocations


You had 11 spell levels left.
You knew the following spells:

 Your Spells              Type           Power      Damage    Failure   Level
a - Blink                 Tloc           32%        N/A       1%          2

Your spell library contained the following spells:

 Spells                   Type           Power      Damage    Failure   Level
 Gell's Gravitas          Tloc           16%        N/A       3%          3
 Lesser Beckoning         Tloc           16%        N/A       3%          3
 Teleport Other           Tloc           16%        N/A       3%          3
 Manifold Assault         Tloc           16%        N/A       28%         5


Dungeon Overview and Level Annotations

Branches:
Dungeon (4/15)
 Temple: D:4-7

Altars:

Shops:
D:1 :


Innate Abilities, Weirdness & Mutations

You have very sharp teeth.
Your uncanny sense of smell can sniff out nearby items.
Your experience applies equally to all skills.


Message History

There is an open door here.
There is an open door here.
You now have 139 gold pieces (gained 17).
j - 96 stones (gained 4)
You see here a +0 hunting sling.
There is a stone staircase leading down here.
There is a shaft here.
You see here a +0 robe.
Done exploring.
Done exploring.
There is a shaft here.
There is a stone staircase leading down here.
You climb downwards.
The gnoll shouts!
You hear a shout!
There is a stone staircase leading up here.
A gnoll shaman comes into view. It is wielding a +0 club.
A gnoll comes into view. It is wielding a +0 whip.
The gnoll shaman calls upon its god to speed up the gnoll.
The gnoll seems to speed up.
The gnoll moves out of view.
The gnoll barely misses you.
A gnoll comes into view. It is wielding a +0 club.
The gnoll misses you. The gnoll hits you with a +0 halberd.
There is a stone staircase leading up here.
The gnoll hits you with a +0 halberd.
The gnoll hits you from afar with a +0 spear.
You climb upwards.
There is a stone staircase leading down here.
You hit the gnoll but do no damage.
The gnoll is poisoned.
The gnoll hits you with a +0 halberd! The gnoll barely misses you.
You hit the gnoll.
The gnoll looks as sick as possible!
The gnoll is lightly wounded.
The gnoll misses you.
You hit the gnoll but do no damage.
The gnoll is heavily wounded.
The gnoll barely misses you. The gnoll hits you with a +0 halberd!
* * * LOW HITPOINT WARNING * * *
You closely miss the gnoll.
The gnoll is severely wounded.
The gnoll hits you with a +0 halberd.
You die...

#.####..#.####[..#.......###.
#.#..#.........#.#...........
#.#..#.##........#.#....#####
#.#..#.#########.#.#....####.
###.#..#.............#....#....
#......###########.###....#....
######.####....# #.# ######....
#.#....##+###.# ####.
#.#.###..@.^..# #.
#.#..#.)g.....####### #.
#.#..#..............# #.
#.##.#........#####.# #.
#.............## #.# #.
#####.#.........# #.# ##
#.....#.#.##..#.# #.####
#.#####.#.......####....# #.#
#.#.##.##.......#.###


You could see a gnoll (fast, extremely poisoned).

Vanquished Creatures
  2 adders
  3 worms
  10 bats
  2 endoplasms (D:2)
  A giant cockroach (D:3)
  3 goblins (D:1)
  3 hobgoblins (D:3)
  9 jackals
  6 kobolds
  4 quokkas
  4 ball pythons
  12 frilled lizards
  4 rats
63 creatures vanquished.

Vanquished Creatures (others)
  5 plants (D:2)
5 creatures vanquished.

Grand Total: 68 creatures vanquished

Notes
Turn   | Place    | Note
-------+----------+-------------------------------------------
     0 | D:1      | Ablot the Gnoll Warper began the quest for the Orb.
     0 | D:1      | Reached XP level 1. HP: 20/20 MP: 6/6
   186 | D:1      | Reached XP level 2. HP: 21/26 MP: 7/7
   196 | D:1      | Learned a level 2 spell: Blink
   302 | D:1      | Found Gabuvoocw's Book Shop.
   650 | D:1      | Found a faded altar of an unknown god.
   969 | D:2      | Reached skill level 5 in Spellcasting
   969 | D:2      | Reached XP level 3. HP: 26/31 MP: 7/9
  1269 | D:2      | Reached skill level 1 in Invocations
  1738 | D:2      | Reached skill level 1 in Short Blades
  1738 | D:2      | Reached skill level 1 in Long Blades
  1738 | D:2      | Reached skill level 1 in Axes
  1738 | D:2      | Reached skill level 1 in Maces & Flails
  1738 | D:2      | Reached skill level 1 in Staves
  1738 | D:2      | Reached skill level 1 in Slings
  1738 | D:2      | Reached skill level 1 in Bows
  1738 | D:2      | Reached skill level 1 in Crossbows
  1738 | D:2      | Reached skill level 1 in Stealth
  1738 | D:2      | Reached skill level 1 in Shields
  1738 | D:2      | Reached skill level 1 in Unarmed Combat
  1738 | D:2      | Reached skill level 1 in Evocations
  2044 | D:3      | Reached XP level 4. HP: 38/38 MP: 11/11
  2946 | D:3      | Reached skill level 1 in Conjurations
  2946 | D:3      | Reached skill level 1 in Hexes
  2946 | D:3      | Reached skill level 1 in Summonings
  2946 | D:3      | Reached skill level 1 in Necromancy
  2946 | D:3      | Reached skill level 1 in Transmutations
  2946 | D:3      | Reached skill level 1 in Fire Magic
  2946 | D:3      | Reached skill level 1 in Ice Magic
  2946 | D:3      | Reached skill level 1 in Air Magic
  2946 | D:3      | Reached skill level 1 in Earth Magic
  2946 | D:3      | Reached skill level 1 in Poison Magic
  3478 | D:3      | Slain by a gnoll

Illustrated notes

Levels and vault maps discovered:
D:1:      mrwooster_arrival_arrow, layout_basic, basic_ecumenical_altar,
          serial_shops, nicolae_shop_statue_plus, dk_noncrumbling_3,
          chequers_mini_garden, kennysheep_boxes
D:2:      layout_basic, minmay_lizard_king
D:3:      layout_basic, cheibrodos_sewer_entry_sluice,
          hangedman_decor_clover_reticule
D:4:      layout_gridville, nicolae_ru_awakened_eye,
          minmay_temple_entry_junction, corexii_leaking_fountain,
          minmay_fountain_box, kennysheep_path_1, uniq_edmund, uniq_menkaure

Skill      XL: |  1  2  3  4 |
---------------+-------------+-----
Spellcasting   | 5 |  5.1
Invocations    | 1 |  1.3
Short Blades   | 1 |  1.2
Long Blades    | 1 |  1.2
Axes           | 1 |  1.2
Maces & Flails | 1 |  1.2
Staves         | 1 |  1.2
Slings         | 1 |  1.2
Bows           | 1 |  1.2
Crossbows      | 1 |  1.2
Stealth        | 1 |  1.2
Shields        | 1 |  1.2
Unarmed Combat | 1 |  1.2
Evocations     | 1 |  1.2
Conjurations   | 1 |  1.0
Hexes          | 1 |  1.0
Summonings     | 1 |  1.0
Necromancy     | 1 |  1.0
Transmutations | 1 |  1.0
Fire Magic     | 1 |  1.0
Ice Magic      | 1 |  1.0
Air Magic      | 1 |  1.0
Earth Magic    | 1 |  1.0
Poison Magic   | 1 |  1.0
Fighting       | |  4.6
Polearms       | |  4.6
Throwing       | |  2.8
Armour         | |  2.8
Dodging        | |  4.6
Translocations | |  5.5

Action                   |  1- 3 |  4- 6 || total
-------------------------+-------+-------++-------
Melee: Spear             |   190 |    51 ||   241
       Bite              |    12 |    10 ||    22
       Punch             |     2 |     1 ||     3
       Short sword       |       |    43 ||    43
 Stab: Sleeping          |     3 |     1 ||     4
Armor: Leather armour    |    40 |    47 ||    87
Dodge: Dodged            |    86 |    87 ||   173
